 Dungeon Crawl Stone Soup version 0.25.0-26-g0c896c7088 (webtiles) character file.

Game seed: 12260400759899673220

198 xccam the Chopper (level 5, 0/41 HPs)
             Began as a Demigod Gladiator on July 1, 2020.
             Succumbed to an orc's poison
             ... on level 3 of the Dungeon.
             The game lasted 00:02:37 (2622 turns).

xccam the Chopper (Demigod Gladiator)               Turns: 2622, Time: 00:02:38

Health: 0/41       AC:  6    Str: 19    XL:     5   Next: 23%
Magic:  7/7        EV: 12    Int: 12    God:
Gold:   138        SH:  0    Dex: 17    Spells: 4/4 levels left

rFire    + + .     SeeInvis .   a - +0 war axe
rCold    + + .     Gourm    .   (no shield)
rNeg     . . .     Faith    .   l - +0 ring mail
rPois    .         Spirit   .   c - +0 helmet
rElec    .         Reflect  .   b - scarf {rC+ rF+}
rCorr    .         Harm     .   (no gloves)
MR       .....                  (no boots)
Stlth    +.........             (no amulet)
HPRegen  0.13/turn              k - ring of protection from fire
MPRegen  0.10/turn              m - ring of protection from cold

@: lethally poisoned (0 -> -5), berserk cooldown, slowed, very slow
A: high mp 1
a: no special abilities


You were on level 3 of the Dungeon.
You were not hungry.

You visited 1 branch of the dungeon, and saw 3 of its levels.

You collected 138 gold pieces.

Inventory:

Hand Weapons
 a - a +0 war axe (weapon)
Missiles
 d - 3 throwing nets (quivered)
Armour
 b - a scarf of resistance (worn)
 c - a +0 helmet (worn)
 j - a +0 kite shield
 l - a +0 ring mail (worn)
Jewellery
 k - a ring of protection from fire (left hand)
 m - a ring of protection from cold (right hand)
 s - an uncursed ring of see invisible {unknown}
Scrolls
 e - a scroll of remove curse {unknown}
 h - a scroll of enchant weapon {unknown}
 i - 2 scrolls of identify {unknown}
 p - a scroll of teleportation {unknown}
 q - a scroll of immolation {unknown}
 r - 3 scrolls of blinking {unknown}
Potions
 n - a potion of invisibility {unknown}
Comestibles
 f - 7 rations
 o - 2 chunks of flesh


   Skills:
 - Level 1.7 Fighting
 + Level 5.7 Axes
 - Level 1.7 Throwing
 - Level 2.6 Dodging


You had 4 spell levels left.
You didn't know any spells.
Your spell library contained the following spells:

 Spells                   Type           Power        Failure   Level  Hunger
 Corona                   Hex            #......      50%         1    ##.....
 Ensorcelled Hibernation  Hex/Ice        #.....       65%         2    ###....
 Confusing Touch          Hex            #.......     86%         3    ####...
 Dazzling Flash           Conj/Hex       #.....       86%         3    ####...
 Tukima's Dance           Hex            #.......     86%         3    ####...


Dungeon Overview and Level Annotations

Branches:
Dungeon (3/15)


Innate Abilities, Weirdness & Mutations

You have an increased reservoir of magic. (+10% MP)


Message History

* * * LOW HITPOINT WARNING * * *
You feel sick. The orc wizard casts a spell at you.
You feel as though you will be slow longer.
The orc wizard hits you but does no damage.
You slice the orc wizard!!
You kill the orc wizard!
* * * LOW HITPOINT WARNING * * *
You feel sick.
Unknown command.
There is a lethal amount of poison in your body!
There is a lethal amount of poison in your body!
There is a lethal amount of poison in your body!
You feel a strong urge to attack something.
* * * LOW HITPOINT WARNING * * *
You feel sick.
You are no longer berserk.
You are exhausted.
You feel as though you will be slow longer.
You die...

#.... #....
#....#####
#####
#........
#...#
#.......
#.#.# #......
#.#.# #$..))#
#.#.# #...[@#
#.#.# ###..)#
# #.#.#
#...###.#..
#.#.#
####....##.##
#.#.# ######
#.#####..#
#.#.#
#....###'###
..###.#.#
#..........#
#..##.#.#
#..........#
##..##.#.#
#..........#
#....#.#.#


There were no monsters in sight!

Vanquished Creatures
  2 orc wizards (D:3)
  6 adders (D:2)
  2 oozes (D:1)
  A worm (D:2)
  2 dart slugs (D:1)
  2 leopard geckos
  3 orcs (D:3)
  5 giant cockroaches
  3 goblins
  11 hobgoblins
  8 kobolds
  2 quokkas
  A ball python (D:2)
  6 bats
  10 frilled lizards
  6 rats
70 creatures vanquished.

Notes
Turn   | Place    | Note
-------+----------+-------------------------------------------
     0 | D:1      | xccam the Demigod Gladiator began the quest for the Orb.
     0 | D:1      | Reached XP level 1. HP: 17/17 MP: 3/3
    66 | D:1      | Reached skill level 3 in Axes
   163 | D:1      | Reached XP level 2. HP: 19/24 MP: 4/4
   813 | D:1      | Reached XP level 3. HP: 26/29 MP: 5/5
   898 | D:1      | Reached skill level 4 in Axes
  1546 | D:2      | Reached XP level 4. HP: 16/36 MP: 6/6
  1843 | D:2      | Found a glowing silver altar of Zin.
  2154 | D:2      | Reached skill level 5 in Axes
  2618 | D:3      | Reached XP level 5. HP: 4/41 MP: 7/7
  2618 | D:3      | HP: 3/61 [poisoned by an orc]
  2622 | D:3      | Succumbed to an orc's poison

Illustrated notes

Levels and vault maps discovered:
D:1:      wander_arrival_chamber, layout_loops_corners, minmay_misc_feat_cross
D:2:      layout_loops_cross, lemuel_crystal_altar, minmay_joined_circles
D:3:      layout_basic, uniq_jessica

Skill      XL: |  1  2  3  4 |
---------------+-------------+-----
Axes           | 3 4 5 |  5.7
Fighting       | |  1.7
Throwing       | |  1.7
Dodging        | |  2.6

Action                   |  1- 3 |  4- 6 || total
-------------------------+-------+-------++-------
Melee: War axe           |   127 |    79 ||   206
  Use: Potion            |       |     1 ||     1
 Stab: Sleeping          |     1 |       ||     1
  Eat: Chunk             |     1 |     5 ||     6
Armor: Leather armour    |    11 |       ||    11
       Ring mail         |    22 |    36 ||    58
Dodge: Dodged            |    82 |    60 ||   142
